 Dungeon Crawl Stone Soup version 0.31-a0-819-gf6de2f5ab6 (webtiles) character file.

Game seed: 2674001532078334789

2759 Kurtz the Cleaver (level 9, -1/84 HPs)
             Began as an Octopode Fighter on Sept 25, 2023.
             Slain by a shadow (30 damage)
             ... on level 7 of the Dungeon.
             The game lasted 00:06:31 (5894 turns).

Kurtz the Cleaver (Octopode Fighter)                Turns: 5894, Time: 00:06:32

Health: -1/84      AC: 31    Str: 17    XL:     9   Next: 69%
Magic:  9/9        EV:  2    Int: 10    God:
Gold:   245        SH: 18    Dex: 14    Spells: 8/8 levels left

rFire   . . .        w - +2 flail (protect)
rCold   . . .        e - +2 kite shield
rNeg    + . .        (helmet currently unavailable)
rPois   +            t - amulet of reflection
rElec   .            h - ring of positive energy
rCorr   .            (no ring)
SInv    .            (no ring)
Will    .....        (no ring)
Stlth   +            (no ring)
HPRegen 0.34/turn    (no ring)
MPRegen 0.11/turn    (no ring)
                     (no ring)

%: reflection
@: tree-form, under a protective aura
A: stationary, stasis, torment immunity, boosted hp, almost no armour,
(amphibious), 8 rings, (camouflage 1), (gelatinous body 1), (nimble swimmer 1),
(tentacles)
a: no special abilities


You were on level 7 of the Dungeon.
You were a tree.
You visited 1 branch of the dungeon, and saw 7 of its levels.
You also visited: Sewer.

You collected 245 gold pieces.

Inventory:

Hand Weapons
 a - a +0 war axe
 w - a +2 flail of protection (weapon)
 C - a +0 whip of flaming
Missiles
 b - 4 atropa-tipped darts
 s - 10 poisoned darts (quivered)
Armour
 e - a +2 kite shield (worn)
Jewellery
 h - a ring of positive energy (left branch)
 l - an amulet of magic regeneration
 t - an amulet of reflection (around neck)
Wands
 c - a wand of polymorph (10)
 p - a wand of roots (10)
Scrolls
 d - 2 scrolls of poison {unknown}
 g - 4 scrolls of revelation {unknown}
 i - a scroll of teleportation {unknown}
 k - 2 scrolls of blinking
 m - a scroll of enchant weapon {unknown}
 n - a scroll of enchant armour {unknown}
 q - a scroll of silence {unknown}
 r - 2 scrolls of brand weapon {unknown}
 u - a scroll of identify {unknown}
 x - a scroll of butterflies {unknown}
 y - a scroll of vulnerability {unknown}
 A - 2 scrolls of noise {unknown}
 B - 3 scrolls of fear {unknown}
Potions
 f - 7 potions of curing
 j - 5 potions of brilliance
 o - a potion of lignification
 v - a potion of might
 z - a potion of magic {unknown}
 D - a potion of enlightenment {unknown}


   Skills:
 - Level 3.0 Fighting
 * Level 10.6 Axes
 - Level 3.0 Dodging
 * Level 8.3 Shields


You had 8 spell levels left.
You didn't know any spells.
Your spell library contained the following spells:

 Spells                   Type           Power      Damage    Failure   Level
 Kiss of Death            Conj/Necr      0%         2d5       63%         1
 Ensorcelled Hibernation  Hex/Ice        0%         N/A       77%         2
 Jinxbite                 Hex            0%         N/A       77%         2
 Scorch                   Fire           0%         2d5       77%         2
 Confusing Touch          Hex            0%         N/A       94%         3
 Anguish                  Hex/Necr       0%         N/A       100%        4
 Dispel Undead            Necr           0%         3d6       100%        4
 Flame Wave               Conj/Fire      0%         2d4       100%        4
 Summon Cactus Giant      Summ           0%         N/A       100%        6


Dungeon Overview and Level Annotations

Branches:
Dungeon (7/15)              Sewer (visited)
 Temple: D:4-7

Altars:
The Shining One

Shops:
D:2 *   D:5 =


Innate Abilities, Weirdness & Mutations

You are a tree.
Your roots penetrate the ground, keeping you stationary.
You cannot be teleported.
You are immune to unholy pain and torment.
Your maximum health is greatly increased.
You cannot wear most types of armour.
((You are amphibious.))
You can wear up to eight rings at the same time.
((Your skin changes colour to match your surroundings (Stealth+).))
((Your rubbery body absorbs attacks. (AC +1, EV +1)))
((You are camouflaged when in or above water. (Stealth+)))
((You have tentacles for arms and can constrict up to eight enemies at once.))


Message History

The shadow is moderately damaged.
The shadow hits you!
* * * LOW HITPOINT WARNING * * *
You feel better. You block the shadow's attack.
You hit the shadow.
Your weapon exudes an aura of protection.
The shadow is moderately damaged.
The shadow barely misses you.
You hit the shadow but do no damage.
You squeeze the shadow, but do no damage.
The shadow is moderately damaged.
You block the shadow's attack.
You hit the shadow but do no damage.
The shadow is moderately damaged.
You block the shadow's attack. The shadow barely misses you.
You turn into a tree.
Your roots penetrate the ground.
The shadow hits you.
You hit the shadow but do no damage.
The shadow is moderately damaged.
You block the shadow's attack.
You hit the shadow.
The shadow is heavily damaged.
The shadow hits you.
You hit the shadow.
The shadow is heavily damaged.
The shadow hits you.
You barely miss the shadow.
The shadow is heavily damaged.
The shadow slips into darkness.
The shadow flickers and vanishes!
Deactivating autopickup; reactivate with Ctrl-A.
You hit something.
The shadow strikes at you from the darkness!
Reactivating autopickup.
You completely miss the shadow.
The shadow is severely damaged.
The shadow slips into darkness.
The shadow flickers and vanishes!
Deactivating autopickup; reactivate with Ctrl-A.
The shadow strikes at you from the darkness!
You die...

... #.# ... ###.#
# ..#.# #. #.#.#
#.#####.#.#
.#.##.......#<#
......{♣.....#####
..?..............#
.###########.###.#
#..##.# #.....#
#..#### #..# ...#
#..#


There were no monsters in sight!

Vanquished Creatures
  Pikel (D:5)
  Grinder (D:3)
  A steam dragon (D:6)
  A fire bat (D:6)
  2 ice beasts
  A sky beast (D:6)
  A black bear (D:4)
  A tengu (D:6)
  3 ogres
  2 lemures (D:5)
  2 phantoms
  A kobold brigand (D:6)
  3 scorpions
  A bullfrog (D:6)
  2 howler monkeys
  2 hounds (D:6)
  Jessica (D:3)
  4 iguanas
  3 sleepcaps
  2 orc wizards
  Ijyb (D:3)
  9 adders
  4 river rats (Sewer)
  A white imp (D:5)
  2 ufetubi
  2 worms
  4 dart slugs
  7 orcs
  10 ball pythons
  3 bats (D:2)
  5 endoplasms
  8 giant cockroaches
  4 goblins
  7 hobgoblins
  9 jackals
  7 quokkas
  10 frilled lizards
  5 kobolds
  16 rats
149 creatures vanquished.

Notes
Turn   | Place    | Note
-------+----------+-------------------------------------------
     0 | D:1      | Kurtz the Octopode Fighter began the quest for the Orb.
     0 | D:1      | Reached XP level 1. HP: 16/16 MP: 1/1
    20 | D:1      | Reached XP level 2. HP: 10/21 MP: 2/2
   131 | D:1      | Reached skill level 3 in Axes
   260 | D:1      | Reached XP level 3. HP: 18/26 MP: 3/3
   735 | D:2      | Found Keme's Assorted Antiques.
   876 | D:2      | Reached XP level 4. HP: 25/31 MP: 4/4
  1453 | D:3      | Reached skill level 4 in Axes
  1694 | D:3      | Noticed Grinder
  1695 | D:3      | Noticed Ijyb
  1704 | D:3      | Killed Grinder
  1705 | D:3      | Reached skill level 5 in Axes
  1705 | D:3      | Reached XP level 5. HP: 27/36 MP: 5/5
  1705 | D:3      | Reached XP level 6. HP: 32/42 MP: 6/6
  1715 | D:3      | Killed Ijyb
  1716 | D:3      | Reached skill level 6 in Axes
  1834 | D:3      | Noticed Jessica
  1842 | D:3      | Killed Jessica
  2248 | D:3      | Noticed an ice beast
  2256 | D:3      | HP: 2/42 [ice beast (12)]
  2267 | D:3      | Killed an ice beast
  2268 | D:3      | Reached XP level 7. HP: 36/46 MP: 7/7
  2581 | D:4      | Reached skill level 7 in Axes
  2684 | D:4      | Found a glowing drain.
  2703 | Sewer    | Entered a sewer
  3282 | D:4      | Found a glowing golden altar of the Shining One.
  3476 | D:4      | Reached skill level 5 in Shields
  3486 | D:4      | Reached skill level 8 in Axes
  3486 | D:4      | Reached XP level 8. HP: 40/52 MP: 8/8
  3697 | D:5      | Entered Level 5 of the Dungeon
  4266 | D:5      | Found Juhyd's Jewellery Emporium.
  4623 | D:6      | Noticed Pikel
  4635 | D:5      | Reached skill level 9 in Axes
  4750 | D:5      | Killed Pikel
  4751 | D:5      | Reached XP level 9. HP: 43/56 MP: 9/9
  4979 | D:6      | Reached skill level 10 in Axes
  5894 | D:7      | Slain by a shadow

Illustrated notes

Levels and vault maps discovered:
D:1:      onia_arrival_handbag, layout_basic
D:2:      layout_basic, serial_shops, nicolae_shop_window_shopping,
          minmay_misc_feat_cross
D:3:      layout_loops_ring, nicolae_underground_beach, uniq_ijyb, uniq_grinder,
          uniq_jessica
D:4:      layout_basic, tso_metal_star, gup_sewer_entry_pipe,
          hangedman_abyss_or_decor_stabs
D:5:      layout_loops_corners, minmay_shop_enchanted_jewellery
D:6:      layout_cave_pools, minmay_door_square, st_stairs_3, uniq_pikel
D:7:      minmay_opposing_rooms, layout_basic, minmay_temple_entry_grid,
          biasface_ghost_orc_armoury, chequers_ossuary_entry_cave, uniq_joseph

Skill      XL: |  1  2  3  4  5  6  7  8  9 |
---------------+----------------------------+-----
Axes           | 3 5 6 8 9 10 | 10.6
Shields        | 4 5 6 8 |  8.3
Fighting       | |  3.0
Dodging        | |  3.0

Action                     |  1- 3 |  4- 6 |  7- 9 || total
---------------------------+-------+-------+-------++-------
  Melee: War axe           |    65 |    65 |   114 ||   244
         Constrict         |    15 |    10 |    38 ||    63
         Tentacles         |     7 |    17 |    50 ||    74
         Punch             |       |       |     4 ||     4
         Flail             |       |       |   129 ||   129
  Throw: Dart              |       |       |     5 ||     5
  Evoke: Wand              |       |       |     3 ||     3
    Use: Potion            |       |     7 |     3 ||    10
         Scroll            |       |       |     1 ||     1
   Stab: Sleeping          |     2 |     5 |    17 ||    24
         Distracted        |     1 |       |     1 ||     2
 Armour: Skin              |    29 |    32 |   110 ||   171
  Dodge: Dodged            |    31 |    23 |    70 ||   124
  Block: Buckler           |     3 |       |       ||     3
         Kite shield       |    23 |    35 |   173 ||   231
         Reflection        |       |       |     1 ||     1

Table legend: (Time is in decaauts)
 A = Elapsed time spent in this place.
 B = Non-inter-level travel time spent in this place.
 C = Inter-level travel time spent in this place.
 D = Time resting spent in this place.
 E = Time spent auto-exploring this place.
 F = Levels seen in this place.
 G = Mean time per level.
                   A        B        C        D        E       F      G
               +--------+--------+--------+--------+--------+-----+--------+
         Total |   6011 |   5791 |    220 |    640 |   3935 |   8 |  751.4 |
       Dungeon |   5550 |   5330 |    220 |    640 |   3687 |   7 |  792.9 |
         Sewer |    461 |    461 |      0 |      0 |    248 |   1 |  461.0 |
               +--------+--------+--------+--------+--------+-----+--------+

Top non-repeatable levels by time:
     D:5: 1287 daAuts
     D:3: 1115 daAuts
     D:6: 916 daAuts
     D:1: 747 daAuts
     D:2: 729 daAuts
     D:4: 723 daAuts
   Sewer: 461 daAuts
     D:7: 30 daAuts
